 Dungeon Crawl Stone Soup version 0.25-a0-1024-gbfbf38f2cb (webtiles) character file.

Game seed: 7633582396732323205, levelgen mode: deterministic

0 Esekla the Skirmisher (level 1, -6/18 HPs)
             Began as a Formicid Abyssal Knight on May 12, 2020.
             Was a Follower of Lugonu.
             Mangled by an apocalypse crab (10 damage)
             ... on level 1 of the Abyss.
             The game lasted 00:00:30 (66 turns).

Esekla the Skirmisher (Formicid Abyssal Knight)       Turns: 66, Time: 00:00:30

Health: -6/18      AC:  3    Str: 16    XL:     1   Next: 0%
Magic:  2/2        EV: 11    Int: 11    God:    Lugonu [*.....]
Gold:   8          SH:  0    Dex: 10    Spells: 0/0 levels left

rFire    . . .     SeeInvis +   a - +1 falchion
rCold    . . .     Gourm    .   (no shield)
rNeg     . . .     Faith    .   b - +0 leather armour
rPois    .         Spirit   .   (helmet unavailable)
rElec    .         Reflect  .   (no cloak)
rCorr    .         Harm     .   (no gloves)
MR       .....                  (no boots)
Stlth    +.........             (no amulet)
HPRegen  0.06/turn              (no ring)
MPRegen  0.08/turn              (no ring)

@: no status effects
A: permanent stasis, dig shafts and tunnels, four strong arms, antennae 3
a: Dig, Shaft Self, Depart the Abyss, Renounce Religion


You were on level 1 of the Abyss.
You worshipped Lugonu.
Lugonu was aware of your devotion.
You were not hungry.

You visited 0 branches of the dungeon, and saw 0 of its levels.
You visited the Abyss 1 time.

You collected 8 gold pieces.

Inventory:

Hand Weapons
 a - a +1 falchion (weapon)
Armour
 b - a +0 leather armour (worn)
Comestibles
 c - a ration


   Skills:
 + Level 3.2 Fighting
 + Level 2.0 Long Blades
 + Level 2.1 Armour
 + Level 0.8 Dodging
 + Level 2.1 Invocations


You couldn't memorise any spells.
You didn't know any spells.
Your spell library was empty.

Dungeon Overview and Level Annotations

Branches:
Dungeon (0/15)

Altars:


Innate Abilities, Weirdness & Mutations

You cannot be hasted, slowed, berserked, paralysed or teleported.
You can dig through walls and to a lower floor.
Your four strong arms can wield two-handed weapons with a shield.
You have a pair of large antennae on your head. (SInv)


Message History

Press ? for a list of commands and other information.
Found 8 gold pieces.
Found a corrupted altar of Lugonu.
Found a corrupted altar of Lugonu.
You now have 8 gold pieces.
Found a corrupted altar of Lugonu.
A tentacled starspawn comes into view.
A smoke demon comes into view.
The smoke demon roars!
The smoke demon gestures at you. The sticky flame misses you.
A tentacle flies out from the starspawn's body!
A starspawn tentacle comes into view.
Found 7 curare-tipped darts.
The smoke demon gestures at you. Something smites you!
Ouch! That really hurt!
* * * LOW HITPOINT WARNING * * *
The apocalypse crab bites you!
Ouch! That really hurt!
You die...

#......## .#.. #
#...##.X{.# .#.# ..
.#..3. #3{.#.#.##.#.
#..#..#.. ..#.#§....
#.#.#.....#...5...#
...##. ..###..§.....
#..##.#.###..##.....
.# (....#.§t## ##.#
# . ..##..@.§# ....
##...#..# #.
####..#.# .## .. .#
. #. .


You could see an apocalypse crab and an iron imp.

Vanquished Creatures (others)
  2 starspawn tentacles (Abyss:1)
2 creatures vanquished.

Notes
Turn   | Place    | Note
-------+----------+-------------------------------------------
     0 | Abyss:1  | Esekla the Formicid Abyssal Knight began the quest for the
                  | Orb.
     0 | Abyss:1  | Reached XP level 1. HP: 18/18 MP: 2/2
     2 | Abyss:1  | Found a corrupted altar of Lugonu.
    35 | Abyss:1  | Found a corrupted altar of Lugonu.
    41 | Abyss:1  | Noticed a tentacled starspawn
    55 | Abyss:1  | Noticed a smoke demon
    65 | Abyss:1  | Noticed an apocalypse crab
    65 | Abyss:1  | Noticed an iron imp
    66 | Abyss:1  | Mangled by an apocalypse crab

Illustrated notes

Levels and vault maps discovered:
Abyss:1

Action                   || total
-------------------------++-------
Dodge: Dodged            ||     1

Table legend:
 A = Non-vault XP
 B = Vault XP
 C = Vault XP percentage of total XP
 D = Non-vault monster count
 E = Vault monster count
 F = Vault count percentage of total count
                 A         B        C        D         E       F
            +---------+---------+-------+---------+---------+-------
      Total |       0 |       0 |   N/A |       0 |       0 |  -nan
            +---------+---------+-------+---------+---------+-------
            +---------+---------+-------+---------+---------+-------
